 Dungeon Crawl Stone Soup version 0.28-a0-1389-gc726bef33b (webtiles) character file.

Game seed: 119963450475516985

585 rogsnak the Conjurer (level 7, -10/47 HPs)
             Began as a Demonspawn Air Elementalist on Jan 3, 2022.
             Mangled by Duvessa (13 damage)
             ... on level 4 of the Dungeon.
             The game lasted 00:10:48 (5625 turns).

rogsnak the Conjurer (Demonspawn Air Elementalist)  Turns: 5625, Time: 00:10:49

Health: -10/47     AC:  6    Str:  9    XL:     7   Next: 15%
Magic:  6/13       EV: 12    Int: 18    God:
Gold:   224        SH:  0    Dex: 13    Spells: 6/14 levels left

rFire   . . .      SeeInvis .   h - +4 short sword
rCold   . . .      Faith    +   (no shield)
rNeg    . . .      Spirit   .   v - +0 steam dragon scales
rPois   .          Reflect  .   (helmet restricted)
rElec   .          Harm     .   s - scarf {repulsion}
rCorr   +          Rampage  .   k - +0 pair of gloves
Will    .....                   (no boots)
Stlth   ++........              d - amulet of faith
HPRegen 0.15/turn               t - ring of flight
MPRegen 0.13/turn               n - ring of resist corrosion

@: about to teleport, flying, very slightly contaminated, repel missiles
A: antennae 1, demonic guardian 1, spiny 1, weakness stinger 1
a: no special abilities


You were on level 4 of the Dungeon.
You visited 1 branch of the dungeon, and saw 4 of its levels.

You collected 224 gold pieces.

Inventory:

Hand Weapons
 c - a +0 dagger
 h - a +4 short sword (weapon)
Missiles
 r - 13 poisoned darts
Armour
 a - a +0 robe
 k - a +0 pair of gloves (worn)
 s - a scarf of repulsion (worn)
 v - +0 steam dragon scales (worn)
 w - a +0 robe of cold resistance
Jewellery
 d - an amulet of faith (around neck)
 n - a ring of resist corrosion (right hand)
 t - a ring of flight (left hand)
Wands
 u - a wand of mindburst (20)
Scrolls
 e - a scroll of teleportation
 f - 4 scrolls of identify {unknown}
 j - a scroll of noise {unknown}
 m - a scroll of torment {unknown}
Potions
 b - 3 potions of curing {unknown}
 g - a potion of heal wounds {unknown}
 i - a potion of brilliance {unknown}
 l - a potion of ambrosia {unknown}
 o - 2 potions of flight {unknown}
 p - 3 potions of invisibility {unknown}
 q - 3 potions of attraction {unknown}
 x - a potion of cancellation {unknown}


   Skills:
 + Level 0.7 Fighting
 + Level 2.1 Dodging
 - Level 2.0 Stealth
 + Level 4.2 Spellcasting
 * Level 4.8 Conjurations
 + Level 4.3 Air Magic


You had 6 spell levels left.
You knew the following spells:

 Your Spells              Type           Power      Damage    Failure   Level
a - Shock                 Conj/Air       80%        1d8       2%          1
b - Swiftness             Air            19%        N/A       8%          3
c - Airstrike             Air            9%         N/A       24%         4

Your spell library contained the following spells:

 Spells                   Type           Power      Damage    Failure   Level
 Static Discharge         Conj/Air       20%        N/A       3%          2


Dungeon Overview and Level Annotations

Branches:
Dungeon (4/15)
 Temple: D:4-7

Altars:
Cheibriados

Shops:
D:3 *

Annotations:
D:4 Duvessa


Innate Abilities, Weirdness & Mutations

You have a pair of small antennae on your head.
A weak demonic guardian rushes to your aid.
You are partially covered in sharp spines.
You have a small tail.


Message History

You don't know that spell.
Unknown command.
Aiming: Mindburst
Press: ? - help, Shift-Dir - straight line, f/p - Duvessa
Aim: Duvessa, wielding a +0 short sword, wearing a +0 ring mail and wearing a ring of resist corrosion (moderately wounded, berserk, chance to affect: 47%) Duvessa resists with some effort.
You hear a shout!
Duvessa hits you with a +0 short sword!
An ogre comes into view. It is wielding a +0 giant club.
An ufetubus comes into view.
Duvessa is struck by your spines. Duvessa hits you with a +0 short sword.
Aiming: Mindburst
Press: ? - help, Shift-Dir - straight line, f/p - Duvessa
Aim: Duvessa, wielding a +0 short sword, wearing a +0 ring mail and wearing a ring of resist corrosion (moderately wounded, berserk, chance to affect: 47%) Duvessa resists with some effort.
Duvessa closely misses you.
Unknown command.
Unknown command.
Aiming: Mindburst
Press: ? - help, Shift-Dir - straight line, f/p - Duvessa
Aim: Duvessa, wielding a +0 short sword, wearing a +0 ring mail and wearing a ring of resist corrosion (moderately wounded, berserk, chance to affect: 47%) Duvessa resists with some effort.
Duvessa is struck by your spines. Duvessa hits you with a +0 short sword!
* * * LOW HITPOINT WARNING * * *
Duvessa is struck by your spines. Duvessa hits you with a +0 short sword!
* * * LOW HITPOINT WARNING * * *
A demonic guardian appears!
Unknown command.
Unknown command.
Unknown command.
Duvessa hits your white imp with a +0 short sword!
Your white imp dies!
Your white imp disappears in a puff of smoke!
Unknown command.
There is a stone staircase leading down here.
Unknown command.
Okay, then.
As you read the scroll labelled FUGGUA VIH SERR, it crumbles to dust.
You feel strangely unstable.
It was a scroll of teleportation.
Duvessa hits you with a +0 short sword!
You die...

#.##.##.####
#.#...#.#
#.......#
##.......##
#......O..#
#.........#
#....h....#
##>..5e..##
##..@..##
##...##
##.## #.#
#.# #.. ###


You could see Duvessa (berserk), an ogre, a hound and an ufetubus.

Vanquished Creatures
  A steam dragon (D:4)
  Dowan (D:4)
  3 jellies
  Crazy Yiuf (D:3)
  Terence (D:3)
  Natasha (thrice) (D:2)
  4 gnolls (D:3)
  4 adders
  An adder skeleton (D:4)
  2 worms (D:3)
  A dart slug (D:1)
  5 orcs
  5 ball pythons
  22 endoplasms
  3 giant cockroaches (D:1)
  4 goblins
  7 hobgoblins
  6 jackals (D:3)
  4 quokkas
  4 bats
  6 frilled lizards
  15 kobolds
  6 rats
109 creatures vanquished.

Vanquished Creatures (others)
  A draconian (D:1)
  A gargoyle (D:1)
  2 merfolk (D:1)
  2 vampires (D:1)
  A human (D:1)
  A demigod (D:1)
  A dwarf (D:1)
  An ogre (D:1)
  A tengu (D:1)
  A mummy (D:1)
  2 orcs (D:1)
  A kobold (D:1)
  2 fungi (D:3)
  10 plants (D:4)
  8 tentacles (D:1)
  6 toadstools (D:3)
41 creatures vanquished.

Grand Total: 150 creatures vanquished

Notes
Turn   | Place    | Note
-------+----------+-------------------------------------------
     0 | D:1      | rogsnak the Demonspawn Air Elementalist began the quest for
                  | the Orb.
     0 | D:1      | Reached XP level 1. HP: 13/13 MP: 3/3
     2 | D:1      | Noticed a dwarf
     2 | D:1      | Noticed a human
     2 | D:1      | Noticed an ogre
     2 | D:1      | Noticed a merfolk
     2 | D:1      | Noticed a draconian
     2 | D:1      | Noticed a demigod
     2 | D:1      | Noticed a tengu
     2 | D:1      | Noticed a kraken
     2 | D:1      | Noticed a vampire
     2 | D:1      | Noticed a vampire
     2 | D:1      | Noticed a gargoyle
     2 | D:1      | Noticed a merfolk
     8 | D:1      | Killed a draconian
     8 | D:1      | Killed a tengu
     9 | D:1      | Killed a demigod
     9 | D:1      | Killed an ogre
    11 | D:1      | Killed a merfolk
    14 | D:1      | Killed a merfolk
    17 | D:1      | Killed a gargoyle
    18 | D:1      | Killed a human
    19 | D:1      | Killed a vampire
    19 | D:1      | Killed a vampire
    20 | D:1      | Killed a dwarf
   275 | D:1      | Gained mutation: A weak demonic guardian rushes to your
                  | aid. [demonic ancestry]
   275 | D:1      | Reached XP level 2. HP: 19/19 MP: 1/5
   751 | D:1      | Reached XP level 3. HP: 24/24 MP: 2/6
  1643 | D:2      | Noticed Natasha
  1654 | D:2      | Killed Natasha
  1655 | D:2      | Gained mutation: You are partially covered in sharp spines.
                  | [demonic ancestry]
  1655 | D:2      | Reached XP level 4. HP: 30/30 MP: 1/8
  1738 | D:2      | Found a snail-covered altar of Cheibriados.
  1791 | D:2      | Noticed Natasha
  1799 | D:2      | Killed Natasha
  1977 | D:2      | Noticed Natasha
  1984 | D:2      | Killed Natasha
  1985 | D:2      | Reached XP level 5. HP: 36/36 MP: 2/9
  2306 | D:2      | Found a faded altar of an unknown god.
  3421 | D:3      | Noticed Terence
  3450 | D:3      | Killed Terence
  3451 | D:3      | Discovered your monstrous ancestry.
  3451 | D:3      | Gained mutation: You have a small tail. [demonic ancestry]
  3451 | D:3      | Reached XP level 6. HP: 22/42 MP: 4/11
  3580 | D:3      | Found Vaocvuc's Assorted Antiques.
  4286 | D:3      | Found a runed translucent door.
  4287 | D:3      | Noticed Crazy Yiuf
  4306 | D:3      | Killed Crazy Yiuf
  4500 | D:4      | Noticed a steam dragon
  4514 | D:4      | Killed a steam dragon
  4736 | D:4      | Noticed Dowan
  4738 | D:4      | Noticed Duvessa
  4752 | D:4      | Killed Dowan
  4753 | D:4      | Gained mutation: You have a pair of small antennae on your
                  | head. [demonic ancestry]
  4753 | D:4      | Reached XP level 7. HP: 44/47 MP: 9/13
  4788 | D:4      | Learned a level 3 spell: Swiftness
  5173 | D:3      | Learned a level 4 spell: Airstrike
  5621 | D:4      | HP: 2/47 [Duvessa (10)]
  5625 | D:4      | Mangled by Duvessa

Illustrated notes

Levels and vault maps discovered:
D:1:      nicolae_arrival_kraken_aquarium_b, layout_loops_ring, serial_glass,
          glass_columns_b, glass_columns_a, minmay_tetromino_l4
D:2:      layout_basic, ebering_ecumenical_altar_sacrificial, basic_altar,
          uniq_natasha
D:3:      cheibrodos_fertilizer, layout_basic, serial_shops, shop,
          serial_rivers, chequers_serial_rivers_micro_d,
          chequers_serial_rivers_micro_c, chequers_serial_rivers_micro_a,
          chequers_serial_rivers_micro_d, chequers_serial_rivers_small_3,
          kennysheep_nub, item_on_display_a, uniq_terence,
          uniq_crazy_yiuf_cottage
D:4:      layout_loops_cross, serial_forest, infiniplex_forest_clump_medium,
          infiniplex_forest_clump_cross, infiniplex_forest_lined_corner,
          infiniplex_forest_end_2, infiniplex_forest_end_1,
          infiniplex_forest_straight_2, infiniplex_forest_end_3,
          infiniplex_forest_join, infiniplex_forest_lined_room_2,
          kennysheep_flooded_box, uniq_duvessa

Skill      XL: |  1  2  3  4  5  6 |
---------------+-------------------+-----
Stealth        | 2 |  2.0
Air Magic      | 3 4 |  4.3
Dodging        | 2 |  2.1
Conjurations   | 2 3 4 |  4.8
Spellcasting   | 3 4 |  4.2
Fighting       | |  0.7

Action                   |  1- 3 |  4- 6 |  7- 9 || total
-------------------------+-------+-------+-------++-------
Melee: Unarmed           |     4 |       |       ||     4
       Dagger            |    15 |       |       ||    15
       Short sword       |     3 |    34 |    10 ||    47
       Tailslap          |       |     1 |     2 ||     3
 Cast: Shock             |    75 |   148 |    20 ||   243
       Swiftness         |       |       |     2 ||     2
       Airstrike         |       |       |     2 ||     2
Evoke: Wand              |       |       |     3 ||     3
  Use: Scroll            |       |       |     1 ||     1
Armor: Robe              |     4 |     3 |       ||     7
       Steam dragon scal |       |       |     1 ||     1
Dodge: Dodged            |    21 |    20 |     5 ||    46

Table legend: (Time is in decaauts)
 A = Elapsed time spent in this place.
 B = Non-inter-level travel time spent in this place.
 C = Inter-level travel time spent in this place.
 D = Time resting spent in this place.
 E = Time spent auto-exploring this place.
 F = Levels seen in this place.
 G = Mean time per level.
                   A        B        C        D        E       F      G
               +--------+--------+--------+--------+--------+-----+--------+
         Total |   5644 |   5498 |    146 |    658 |   3829 |   4 | 1411.0 |
       Dungeon |   5644 |   5498 |    146 |    658 |   3829 |   4 | 1411.0 |
               +--------+--------+--------+--------+--------+-----+--------+

Top non-repeatable levels by time:
     D:3: 2002 daAuts
     D:1: 1456 daAuts
     D:2: 1109 daAuts
     D:4: 1077 daAuts
